 Dungeon Crawl Stone Soup version 0.28.0-45-g0d030f2227 (webtiles) character file.

Game seed: 2676667854439759704

2398 Descartes the Ruffian (level 9, 0/79 HPs)
             Began as a Troll Warper on Apr 5, 2022.
             Shot with an arrow by a centaur (16 damage)
             ... on level 8 of the Dungeon.
             The game lasted 00:12:27 (5740 turns).

Descartes the Ruffian (Troll Warper)                Turns: 5740, Time: 00:12:27

Health: 0/79       AC:  4    Str: 21    XL:     9   Next: 23%
Magic:  11/11      EV: 13    Int: 17    God:
Gold:   334        SH:  0    Dex: 11    Spells: 10/12 levels left

rFire   . . .      SeeInvis .     - Unarmed
rCold   . . .      Faith    .   I - +0 kite shield
rNeg    + . .      Spirit   .   a - +0 robe
rPois   .          Reflect  .   (helmet restricted)
rElec   .          Harm     .   (no cloak)
rCorr   .          Rampage  .   (gloves unavailable)
Will    .....                   (boots unavailable)
Stlth   +.........              n - amulet "Ogekyes" {Regen+ Int+4 Dex+2}
HPRegen 1.83/turn               g - +4 ring of evasion
MPRegen 0.12/turn               j - ring of positive energy

@: confused, slowed, very slow
A: large, unfitting armour, claws 3, regeneration 1, shaggy fur 1, tough skin 1
a: no special abilities


You were on level 8 of the Dungeon.
You visited 2 branches of the dungeon, and saw 9 of its levels.

You collected 334 gold pieces.

Inventory:

Hand Weapons
 k - a +0 giant spiked club
 y - a +4 battleaxe
 B - a +2 whip of electrocution
Missiles
 c - 5 boomerangs of dispersal (quivered)
 h - 131 stones
 l - 7 boomerangs
 v - 5 datura-tipped darts
 E - 2 poisoned darts
Armour
 a - a +0 robe (worn)
 I - a +0 kite shield (worn)
Jewellery
 g - a +4 ring of evasion (left claw)
 j - a ring of positive energy (right claw)
 n - the amulet "Ogekyes" (around neck) {Regen+ Int+4 Dex+2}
   (You found it on level 2 of the Dungeon)

   [amulet of regeneration]

   Int:       It affects your intelligence (+4).
   Dex:       It affects your dexterity (+2).
   Regen:     It increases your rate of health regeneration.
Wands
 H - a wand of iceblast (10)
Scrolls
 b - a scroll of blinking
 d - 2 scrolls of fear {unknown}
 f - a scroll of torment {unknown}
 i - 2 scrolls of enchant armour {unknown}
 m - 2 scrolls of brand weapon {unknown}
 q - 2 scrolls of fog {unknown}
 t - 2 scrolls of summoning {unknown}
 A - 3 scrolls of teleportation {unknown}
 C - a scroll of magic mapping {unknown}
 D - a scroll of immolation {unknown}
 F - 4 scrolls of identify
Potions
 e - a potion of curing
 o - a potion of haste {unknown}
 p - a potion of ambrosia {unknown}
 r - 2 potions of brilliance
 s - a potion of magic {unknown}
 u - 2 potions of attraction {unknown}
 w - a potion of heal wounds {unknown}
 x - a potion of might {unknown}
 z - a potion of flight {unknown}
 G - a potion of resistance {unknown}


   Skills:
 - Level 2.0 Fighting
 - Level 5.0 Throwing
 - Level 3.0 Dodging
 + Level 0.4 Shields
 + Level 7.5 Unarmed Combat
 - Level 2.0 Spellcasting
 + Level 6.0 Translocations


You had 10 spell levels left.
You knew the following spells:

 Your Spells              Type           Power      Damage    Failure   Level
a - Blink                 Tloc           44%        N/A       6%          2

Your spell library contained the following spells:

 Spells                   Type           Power      Damage    Failure   Level
 Gell's Gravitas          Tloc           22%        N/A       13%         3
 Lesser Beckoning         Tloc           22%        N/A       13%         3
 Teleport Other           Tloc           22%        N/A       13%         3
 Static Discharge         Conj/Air       1%         N/A       58%         2
 Manifold Assault         Tloc           22%        N/A       75%         5
 Tukima's Dance           Hex            1%         N/A       83%         3
 Anguish                  Hex/Necr       0%         N/A       99%         4
 Dispel Undead            Necr           1%         3d6       99%         4
 Sticky Flame             Conj/Fire      1%         2d3       99%         4
 Enfeeble                 Hex            0%         N/A       100%        7


Dungeon Overview and Level Annotations

Branches:
Dungeon (8/15)             Temple (1/1) D:6
   Lair: D:8-11

Altars:
Ashenzari
Cheibriados
Dithmenos
Elyvilon
Fedhas
Gozag
Hepliaklqana
Kikubaaqudgha
Makhleb
Nemelex Xobeh
Okawaru
Qazlal
Ru
Sif Muna
Trog
Uskayaw
Vehumet
Wu Jian
Xom
Yredelemnul
Zin
The Shining One

Shops:
D:4 *

Annotations:
D:8 Erica


Innate Abilities, Weirdness & Mutations

You are too large for most types of armour.
You have claws for hands.
Your natural rate of healing is unusually fast.
You are covered in fur. (AC +1)
You have tough skin. (AC +1)


Message History

The centaur shoots an arrow.
The centaur shoots an arrow.
The arrow hits you.
The centaur shoots an arrow.
The arrow hits you!
The centaur shoots an arrow.
The arrow barely misses you.
Erica appears from thin air!
Reactivating autopickup.
The centaur shoots an arrow.
The arrow hits you!
Erica casts a spell.
Erica flickers and vanishes!
Deactivating autopickup; reactivate with Ctrl-A.
You hear some strange, mumbled words.
A bolt of poison appears from out of thin air!
The bolt of poison hits you!!
You are poisoned.
The centaur shoots an arrow.
The arrow hits you!
* * * LOW HITPOINT WARNING * * *
You feel very sick.
You are confused.
You feel sick.
The centaur shoots an arrow.
The arrow hits you!
* * * LOW HITPOINT WARNING * * *
You feel sick.
You feel sick.
You feel sick.
The centaur shoots an arrow.
The arrow hits you!
* * * LOW HITPOINT WARNING * * *
You feel sick.
The centaur shoots an arrow.
The arrow closely misses you.
The centaur shoots an arrow.
The arrow misses you.
Unknown command.
You feel better.
You feel yourself slow down.
The howler monkey hoots and howls with incredible vigour!
The centaur shoots an arrow.
The arrow hits you.
* * * LOW HITPOINT WARNING * * *
You see here a +0 war axe.
You feel better.
The centaur shoots an arrow.
The arrow barely misses you.
You hear some strange, mumbled words.
You are confused.
You're too confused to move!
The centaur shoots an arrow.
The arrow hits you.
* * * LOW HITPOINT WARNING * * *
The centaur shoots an arrow.
The arrow barely misses you.
The centaur shoots an arrow.
The arrow hits you!
You die...

################.#...####
#................##.....#
##.################.....#
#.# #...<##........# #.#
#.#####.##.....# #.# #.#
#.##.....# #.# #.#
#.######## #.#
#.#####>.......
#.#######@#.....#######
#........h.....##
#########..c...# #.5...##
#.....# #.....# #.....#
#.....## #......#


You could see a centaur, a howler monkey and a white imp.

Vanquished Creatures
  Edmund (D:6)
  A water moccasin (D:7)
  An ice beast (D:5)
  A hornet zombie (D:5)
  An orc warrior (D:6)
  3 ogres
  3 necrophages
  2 centaurs
  A bullfrog (D:7)
  A gnoll sergeant (D:6)
  A wyvern zombie (D:6)
  2 scorpions
  4 wights
  A bullfrog zombie (D:7)
  3 jellies (D:2)
  A centaur skeleton (D:7)
  2 orc priests
  Natasha (thrice) (D:2)
  3 iguanas (D:5)
  4 orc wizards
  A howler monkey zombie (D:7)
  Robin (D:2)
  7 gnolls
  2 howler monkey skeletons
  8 adders
  A shadow imp (D:6)
  A white imp (D:7)
  A worm (D:3)
  2 dart slugs
  9 orcs
  11 ball pythons
  11 endoplasms
  2 giant cockroaches
  11 goblins
  7 hobgoblins
  4 jackals
  4 quokkas
  3 bats
  2 frilled lizards
  13 kobolds
  9 rats
149 creatures vanquished.

Vanquished Creatures (others)
  2 fungi (D:2)
  9 toadstools (D:2)
11 creatures vanquished.

Grand Total: 160 creatures vanquished

Notes
Turn   | Place    | Note
-------+----------+-------------------------------------------
     0 | D:1      | Descartes the Troll Warper began the quest for the Orb.
     0 | D:1      | Reached XP level 1. HP: 19/19 MP: 1/1
    55 | D:1      | Reached skill level 1 in Throwing
   105 | D:1      | Reached XP level 2. HP: 28/28 MP: 3/3
   845 | D:2      | Noticed Robin
   850 | D:2      | Reached XP level 3. HP: 35/35 MP: 4/4
   856 | D:2      | Killed Robin
   996 | D:2      | Found a faded altar of an unknown god.
  1224 | D:2      | Learned a level 2 spell: Blink
  1229 | D:2      | Noticed Natasha
  1241 | D:2      | Killed Natasha
  1242 | D:2      | Reached XP level 4. HP: 40/42 MP: 5/5
  1263 | D:2      | Noticed Natasha
  1271 | D:2      | Killed Natasha
  1463 | D:2      | Reached XP level 5. HP: 34/49 MP: 6/6
  1505 | D:2      | Reached skill level 3 in Unarmed Combat
  1708 | D:2      | Noticed Natasha
  1719 | D:2      | Killed Natasha
  1720 | D:2      | Reached XP level 6. HP: 52/57 MP: 8/8
  1760 | D:2      | Identified the amulet "Ogekyes" {Regen+ Int+4 Dex+2}
  2459 | D:3      | Found a bloodstained altar of Trog.
  2473 | D:3      | Found a sacrificial altar of Ru.
  2595 | D:4      | You fall into a shaft and drop 1 floor!
  2595 | D:5      | Entered Level 5 of the Dungeon
  2677 | D:5      | Reached XP level 7. HP: 60/60 MP: 9/9
  2686 | D:5      | Reached skill level 4 in Unarmed Combat
  2964 | D:4      | HP: 1/61 [ogre/+0 giant club (30)]
  3042 | D:4      | Found Hasmeaw's General Store.
  3470 | D:5      | Reached skill level 5 in Unarmed Combat
  3552 | D:5      | Reached XP level 8. HP: 71/72 MP: 10/10
  3750 | D:6      | HP: 3/72 [ice beast (9)]
  3880 | D:6      | Reached skill level 5 in Throwing
  4030 | D:6      | Reached skill level 6 in Unarmed Combat
  4131 | D:6      | Reached skill level 5 in Translocations
  4200 | D:6      | Found a staircase to the Ecumenical Temple.
  4213 | Temple   | Entered the Ecumenical Temple
  4460 | D:6      | Noticed Edmund
  4482 | D:6      | Killed Edmund
  4842 | D:7      | Reached skill level 7 in Unarmed Combat
  4842 | D:7      | Reached XP level 9. HP: 77/79 MP: 11/11
  5689 | D:8      | Noticed Erica
  5734 | D:8      | HP: 1/79 [centaur/arrow (7)]
  5740 | D:8      | Shot with an arrow by a centaur

Illustrated notes

Levels and vault maps discovered:
D:1:      saegor_arrival_simple_d, layout_basic
D:2:      cheibrodos_fertilizer, layout_basic, shapermc_ecumenical_altar_petra,
          corexii_corridor_pit, kennysheep_generic_room_7, uniq_natasha,
          uniq_robin
D:3:      layout_basic, mainiacjoe_overflow_swirl
D:4:      layout_cave_pools, serial_shops, nicolae_square_shop
D:5:      layout_rooms, kennysheep_generic_room_15
D:6:      layout_loops_ring, minmay_temple_entry_statues_pillars, uniq_edmund
D:7:      layout_loops_ring
D:8:      wad_cavern_with_rooms, layout_basic, uniq_prince_ribbit1, uniq_erica,
          uniq_maggie
Temple:   regret_index_temple_chain_breaker

Skill      XL: |  1  2  3  4  5  6  7  8  9 |
---------------+----------------------------+-----
Throwing       | 1 2 3 4 5 |  5.0
Dodging        | 2 3 |  3.0
Fighting       | 2 |  2.0
Unarmed Combat | 3 5 7 |  7.5
Spellcasting   | 2 |  2.0
Translocations | 3 4 5 6 |  6.0
Shields        | |  0.4

Action                   |  1- 3 |  4- 6 |  7- 9 || total
-------------------------+-------+-------+-------++-------
Melee: Unarmed           |    76 |   165 |   307 ||   548
       Punch             |       |     2 |     8 ||    10
  Use: Scroll            |       |       |     3 ||     3
       Potion            |       |       |     4 ||     4
 Stab: Sleeping          |       |     2 |       ||     2
Armor: Robe              |    17 |    39 |    42 ||    98
Dodge: Dodged            |    25 |    76 |   202 ||   303
Block: Kite shield       |       |       |     3 ||     3
